 Dungeon Crawl Stone Soup version 0.18.1-6-gd335043 (webtiles) character file.

84 Shtopit the Covered (level 4, 0/29 HPs)
             Began as a Gargoyle Fighter on May 16, 2016.
             Slain by Sigmund
             ... wielding a cursed -2 scythe
              (8 damage)
             ... on level 2 of the Dungeon.
             The game lasted 00:02:26 (1273 turns).

Shtopit the Covered (Gargoyle Fighter)              Turns: 1273, Time: 00:02:26

Health: 0/29       AC: 13    Str: 21    XL:     4   Next: 45%
Magic:  4/4        EV:  7    Int:  8    God:
Gold:   50         SH:  9    Dex:  9    Spells: 0 memorised, 3 levels left

rFire  . . .     SeeInvis .     m - +2 mace (holy)
rCold  . . .     Gourm    .     b - +0 scale mail
rNeg   + . .     Faith    .     c - +0 shield
rPois  ∞         Spirit   .     i - +0 helmet
rElec  +         Dismiss  .     l - +0 cloak (curse)
rCorr  .         Reflect  .     (no gloves)
SustAt .         Harm     .     (no boots)
MR     .....                    (no amulet)
Stlth  ..........               (no ring)
                                (no ring)

@: not resistant to hostile enchantments, extremely unstealthy
A: negative energy resistance 1, electricity resistance, unbreathing,
petrification resistance, rot immunity, AC +3
a: no special abilities


You were on level 2 of the Dungeon.
You were hungry.

You visited 1 branch of the dungeon, and saw 2 of its levels.

You collected 50 gold pieces.

Inventory:

Hand Weapons
 a - a +0 war axe
 m - a +2 mace of holy wrath (weapon)
Armour
 b - a +0 scale mail (worn)
 c - a +0 shield (worn)
 i - a +0 helmet (worn)
 l - a cursed +0 cloak (worn)
Scrolls
 g - 2 scrolls of amnesia {unknown}
 h - a scroll of magic mapping {unknown}
 j - a scroll of teleportation {unknown}
 p - a scroll of fog {unknown}
Potions
 d - a potion of might
 e - a potion of degeneration {unknown}
 n - a potion of berserk rage {unknown}
 o - a potion of flight {unknown}
Comestibles
 f - a bread ration
 k - 2 chunks of flesh


   Skills:
 + Level 3.7 Fighting
 + Level 2.5 Axes
 + Level 4.1 Armour
 + Level 0.4 Dodging
 + Level 0.2 Stealth
 + Level 3.8 Shields


You had 3 spell levels left.
You didn't know any spells.

Dungeon Overview and Level Annotations

Branches:
Dungeon (2/15)

Altars:

Annotations:
D:2 Sigmund


Innate Abilities, Weirdness & Mutations

You are resistant to torment.
Your stone body is resilient (AC +3).
You are immune to poison.
You resist negative energy.
You are resistant to electric shocks.
You can survive without breathing.
You are immune to petrification.
You are immune to rotting.


Message History

You hear some strange, mumbled words.
A magic dart appears from out of thin air!
The magic dart hits you!
You barely miss something.
You hear some strange, mumbled words.
A puff of flame appears from out of thin air!
The puff of flame hits you!
You miss something. Something hits you but does no damage.
The worm bites you but does no damage.
You barely miss something. Something hits you but does no damage.
The worm bites you!
You closely miss something. You block something's attack.
You closely miss something. Something hits you. You block the worm's attack.
You closely miss something.
You hear some strange, mumbled words.
A puff of flame appears from out of thin air!
The puff of flame hits you! The worm bites you.
* * * LOW HITPOINT WARNING * * *
You hit something. Something hits you!
You die...

#.# ####...
#######.####.....#
#..........<...#.#
####?#####.####.#.#.#
#..........# #.#.#.#
#.##.......# #..††.#
#..#..........#..#
#{w#.##.####.....#
#@.#.##.# .......#
#$.#.##.#.##...#.#
..........##.#
#.......
.##.....####.#
#...#... #.###..
#...#... #. #### #


You could see a worm.

Vanquished Creatures
  Crazy Yiuf (D:2)
  Robin (D:2)
  An adder (D:2)
  A worm (D:2)
  A giant cockroach (D:2)
  12 goblins
  4 hobgoblins (D:2)
  2 kobolds (D:1)
  A bat (D:1)
  3 giant newts (D:1)
  6 rats
33 creatures vanquished.

Notes
Turn   | Place    | Note
--------------------------------------------------------------
     0 | D:1      | Shtopit the Gargoyle Fighter began the quest for the Orb.
     0 | D:1      | Reached XP level 1. HP: 14/14 MP: 1/1
   322 | D:1      | Reached XP level 2. HP: 19/19 MP: 2/2
   859 | D:2      | Noticed Robin
   862 | D:2      | Reached XP level 3. HP: 18/23 MP: 3/3
   864 | D:2      | Reached skill level 4 in Armour
   875 | D:2      | Killed Robin
  1104 | D:2      | Noticed Crazy Yiuf
  1111 | D:2      | Killed Crazy Yiuf
  1111 | D:2      | Reached XP level 4. HP: 11/29 MP: 4/4
  1249 | D:2      | Noticed Sigmund
  1273 | D:2      | Slain by Sigmund

Skill      XL: |  1  2  3 |
---------------+----------+-----
Armour         | 4 |  4.1
Axes           | 2 |  2.5
Fighting       | |  3.7
Dodging        | |  0.4
Stealth        | |  0.2
Shields        | |  3.8

Action                   |  1- 3 |  4- 6 || total
-------------------------+-------+-------++-------
Melee: War axe           |   111 |       ||   111
       Mace              |       |    25 ||    25
 Stab: Invisible         |     1 |       ||     1
  Eat: Chunk             |       |     1 ||     1
Armor: Scale mail        |    55 |    14 ||    69
Dodge: Dodged            |    35 |     7 ||    42
Block: Shield            |    52 |     8 ||    60
